Euphox, chaotic male human Wizard ## ------- ---------------------------------############-.....| |..@............................|# |...<.| |.-----.------.....------------.|# #......| |.|?([|...|!!|.....|..|(((|...|.|# ###|.....| | |[..|...|%%|.....|..|(((| ..|.|##########0#-.....| |%!.|...|..|.....-..|...| ..|.|# ### -----.- |...|...|-|-.....-----|----|-.|# # # | -|---.|--.................(...|# ### # |......[.*....{......{..........|# # # |.--|--|---....-|----...........|# ### # | |...|...|---.|....|.----|----.|# # # |...|...|..|.|....|.|..|....|.|################ ## |...|...|..|.|((_.|.-..|....|.| # -.--.-- |...|...|..-.|....|.|..|....|.-## |..^..| | ------------.------.---------.| |.....| |...............................| |....>| --------------------------------- ------- Euphox the Thaumaturge Experience level: 9 Strength: 12 Dexterity: 17 Constitution: 16 Intelligence: 14 Wisdom: 10 Charisma: 11 Health: 63(63) Energy: 51(68) AC: 4 Gold: 1373 Moves: 6993 Your Inventory: Coins $ - 1373 gold pieces Weapons w - a blessed +1 quarterstaff (weapon in hands) y - a blessed [+0] dagger Armor b - a blessed burnt +3 cloak of magic resistance (being worn) v - an [uncursed] +0 leather jacket (being worn) R - an [uncursed] +0 hard hat [dwarvish iron helm] (being worn) Comestibles o - an [uncursed] lichen corpse x - 4 [uncursed] food rations B - 3 [uncursed] fortune cookies Spellbooks k - an [uncursed] spellbook of knock m - an uncursed spellbook of extra healing F - an uncursed spellbook of healing J - an uncursed spellbook of haste self Potions g - an uncursed potion of restore ability j - a [blessed] slimy potion [of gain energy] Q - an uncursed clear potion [of water] Rings d - an uncursed ring of polymorph control e - an uncursed ring of teleport control s - an uncursed ring of invisibility N - a cursed -1 ring of gain wisdom (on left hand) O - an [uncursed] +1 ring of adornment Z - an [uncursed] porcelain ring [of warning] Wands c - an uncursed wand of magic missile (0:0) f - an [uncursed] wand of speed monster [0:1] A - an uncursed wand of cold [0:2] P - an [uncursed] wand of light [0:9] S - an [uncursed] wand called Teleportation [of teleportation (0:0)] Tools a - an uncursed magic whistle n - an uncursed blindfold q - an [uncursed +0] pick-axe V - an [uncursed] key [skeleton key] Gems r - 2 uncursed black gems [jet] z - 3 uncursed orange gems [worthless glass] D - an [uncursed] violet gem [worthless glass] E - 2 uncursed black gems [worthless glass] I - 4 [uncursed] yellowish brown gems [worthless glass] K - 2 uncursed red gems [worthless glass] L - an [uncursed] yellow gem [worthless glass] U - 3 [uncursed] green gems [worthless glass] X - an [uncursed] blue gem [worthless glass] Y - an [uncursed] white gem [fluorite] Spells known in the end: Name Level Category Fail Memory a - force bolt 1 attack 8% [||||||..] b - extra healing 3 healing 100% [||||||..] c - sleep 1 enchantment 8% [||||||..] d - light 1 divination 8% [||||||..] e - healing 1 healing 8% [||||||..] f - haste self 3 escape 100% [||||||..] g - knock 1 matter 8% [|||||||.] Your skills at the end: Fighting Skills Weapon Skills quarterstaff [Skilled / Expert] Spellcasting Skills attack spells [Skilled / Expert] enchantment spells [Basic / Skilled] Final Attributes: You were piously aligned. Hunger level was 494. Your alignment was 44 / 44. Monster difficulty range was 1 - 8. Level difficulty was 7. You resisted poison. You were magic-protected. You were telepathic. Your luck was zero. You are dead. Vanquished creatures: a tengu a quivering blob a brown pudding 3 lizards a chickatrice a dwarf lord 3 dust vortices a raven a gnome mummy 3 fire ants 2 water nymphs an orc shaman a pony 2 violet fungi 2 gnome lords 2 gnomish wizards a guardian naga hatchling an elf zombie 7 giant ants a little dog a floating eye 2 kittens 8 dwarves a kobold shaman 6 rothes a rabid rat 2 giant bats a wererat an iguana 13 killer bees an acid blob 3 hobbits a manes a hobgoblin a giant rat a yellow mold 27 gnomes 2 gnome zombies 2 geckos 6 jackals 2 kobolds 4 goblins 2 sewer rats 4 grid bugs 4 lichens 3 kobold zombies 2 newts 138 creatures vanquished. Voluntary challenges: You used a wielded weapon 154 times. You read items or engraved 100 times. You put on armor 7 times. You never genocided any monsters. You never polymorphed an object. You never changed form. You used no wishes. You wrote Elbereth's name 54 times. You never encountered a bones level. You never used any Sokoban shortcuts. Dungeon overview: The Dungeons of Doom: levels 1 to 8 Level 1 a long staircase Level 2 some fountains Level 3 a wand shop, a fountain Level 4 a general store, an altar, a fountain, a sink stairs to The Gnomish Mines Level 5 some fountains, a sink Level 6 a fountain Level 7 some fountains The Gnomish Mines: levels 5 to 8 Level 5 stairs to The Dungeons of Doom Level 7 <- You were here some shops, a temple to Anhur, a magic chest, some fountains History has recorded: On T:1 you entered the Dungeons of Doom to retrieve the Amulet of Yendor! On T:452 you reached level 2 of The Dungeons of Doom. On T:500 you advanced to experience level 2. On T:686 you advanced to experience level 3. On T:1120 you reached level 3 of The Dungeons of Doom. On T:1279 you advanced to experience level 4. On T:1463 you reached level 4 of The Dungeons of Doom. On T:1831 you advanced to experience level 5. On T:2011 you reached level 5 of The Dungeons of Doom. On T:2146 you advanced to experience level 6. On T:2540 you reached level 6 of The Dungeons of Doom. On T:2586 you advanced to experience level 7. On T:2970 you reached level 7 of The Dungeons of Doom. On T:3445 you advanced to experience level 8. On T:3514 you reached level 8 of The Dungeons of Doom. On T:4467 you reached level 1 of The Gnomish Mines. On T:5748 you reached level 2 of The Gnomish Mines. On T:6623 you reached level 3 of The Gnomish Mines. On T:6665 you reached level 4 of The Gnomish Mines. On T:6827 you advanced to experience level 9. Latest messages: Never mind. Pick an object. A chickatrice on the floor of a room. The spell hits the chickatrice! You kill the chickatrice! You see here a chickatrice corpse. You touch the chickatrice corpse with your bare hands. Touching a chickatrice corpse is a fatal mistake. You release the chickatrice corpse! You are slowing down. Never mind. You begin praying to Anhur. Your limbs are stiffening. You hear bubbling water. Your limbs have turned to stone. You have turned to stone. You are a statue. Final status: Goodbye Euphox the Wizard... You turned to stone in The Gnomish Mines on dungeon level 7 with 2782 points, and 1373 pieces of gold, after 6993 moves. You were level 9 with a maximum of 63 hit points when you turned to stone.